AoeStats
← emanacho6302

Arabia

510244211Analyzed
1v1 RM · 17h ago on Sep 30, 2026· 22m 38s· 2 players
Game mode
Random Map
Map size
Tiny (2 player)
Population
200
Speed
Normal
Resources
Standard
Victory
Conquest
Starting age
Dark Age
Ending age
Imperial Age
RankedLock teamsTeams togetherTeam positionsShared explorationLock speedFull tech treeHidden civsTurbo modeCheats
Victory
Defeat
🇲🇽 Portuguese · Mexico
416
+17
🇦🇷 Gurjaras · Argentina
443
-17
meximanu
4:33 Loom
13:04 Feudal Age
17:22 Castle Age
18:09 Fletching
emanacho6302
5:18 Loom
12:44 Feudal Age
14:18 Double-Bit Axe
14:24 Horse Collar
16:46 Arson
17:06 Man-at-Arms
21:09 Bloodlines
22:34 Wheelbarrow
Connection lost

Rejoining the realm…

Still unreachable

The connection could not be restored.

Session expired

The server has moved on; the page needs a fresh start.